WCHLSIM.com - West Coast Hockey League
html PUBLIC "-//W3C//DTD XHTML 1.0 Transitional//EN" "http://www.w3.org/TR/xhtml1/DTD/xhtml1-transitional.dtd"> WCHL - Game 638 - COLORADO GLACIERCATS vs REGINA FALCONS

COLORADO GLACIERCATS vs REGINA FALCONS

Created - 12 janvier 2024 at 20:43

Goals
1 2 3 T
COLORADO GLACIERCATS 2 2 1 5
REGINA FALCONS 0 0 0 0
Shots
1 2 3 T
COLORADO GLACIERCATS 16 17 16 49
REGINA FALCONS 4 5 10 19

1st period

1. COLORADO GLACIERCATS , Adam Ruzicka 2 (Leon Draisaitl 15, Jamie Benn 19) at 7:57
2. COLORADO GLACIERCATS , Bryan Rust 7 (Devon Toews 20, Kristopher Letang 19) at 13:04 (PP)

Penalties :
Jeffrey Viel (REG) for Goalie Interference (Minor) at 5:46, Jeffrey Viel (REG) for Hooking (Minor) at 12:34, Max Jones (REG) for Holding (Minor) at 13:21

2nd period

3. COLORADO GLACIERCATS , Leon Draisaitl 18 (Vince Dunn 16, Tomas Hertl 25) at 0:40
4. COLORADO GLACIERCATS , Anze Kopitar 18 (Jamie Benn 20) at 2:31

Penalties :
Aaron Ekblad (REG) for Roughing (Minor) at 4:27, Pierre-Olivier Joseph (REG) for Hooking (Minor) at 14:39

3rd period

5. COLORADO GLACIERCATS , Tage Thompson 13 (Tomas Hertl 26, Kristopher Letang 20) at 19:12 (PP)

Penalties :
Tage Thompson (COL) for Hooking (Minor) at 2:34, Nino Niederreiter (COL) for High sticking (Minor) at 5:42, Max Jones (REG) for Cross-checking (Minor) at 9:56, Jeffrey Viel (REG) for Hooking (Minor) at 18:12

Goalie Stats

Pheonix Copley (COL), 19 saves from 19 shots - (1,000), W, 3-0-0, 60:00 minutes
Anton Khudobin (REG), 29 saves from 30 shots - (0,967), 37:29 minutes
Strauss Mann (REG), 15 saves from 19 shots - (0,789), L, 3-10-1, 22:31 minutes

Players Stats for COLORADO GLACIERCATS

Player Name              G  A  P  +/- PIM S  H  SB GA TA FO     MP     PP MP  PK MP  
------------------------------------------------------------------------------------
Adam Ruzicka             1  0  1   1  0   1  0  0  0  0  1/2     4:09   0:00   0:00 
Alexander Wennberg       0  0  0   0  0   4  1  1  0  0  12/15  14:11   0:34   2:10 
Anze Kopitar             1  0  1   1  0   4  0  0  0  0  24/34  21:56   5:11   1:48 
Bryan Rust               1  0  1   0  0   7  1  0  0  0  0/3    19:51   6:14   2:10 
Cole Perfetti            0  0  0   0  0   1  1  0  0  0  0/0    12:09   0:42   0:00 
Devon Toews              0  1  1   1  0   1  1  1  0  0  0/0    25:46   5:30   2:28 
Dylan Samberg            0  0  0   1  0   1  0  0  0  0  0/0     9:42   0:00   0:00 
Jamie Benn               0  2  2   1  0   4  1  0  0  0  3/3    19:34   4:37   0:00 
Kristopher Letang        0  2  2   1  0   2  1  0  0  0  0/0    24:48   5:30   1:30 
Leon Draisaitl           1  1  2   2  0   6  3  1  0  0  12/18  23:24   5:11   0:00 
Mario Ferraro            0  0  0   1  0   1  1  2  0  0  0/0    12:10   0:00   2:28 
Matt Martin              0  0  0   0  0   0  0  0  0  0  0/0     0:00   0:00   0:00 
Nino Niederreiter        0  0  0   1  2   1  0  0  0  0  1/1    14:03   0:00   0:00 
Sam Lafferty             0  0  0   1  0   0  0  0  0  0  0/0     4:09   0:00   0:00 
Tage Thompson            1  0  1   1  2   10 0  0  0  0  7/10   20:28   5:32   0:00 
Tomas Hertl              0  2  2   1  0   2  2  0  0  0  2/2    22:06   6:14   1:48 
Vince Dunn               0  1  1   1  0   2  2  0  0  0  0/0    23:02   5:55   0:00 
Vladislav Gavrikov       0  0  0   1  0   2  0  1  0  0  0/0    24:32   5:55   1:30 

Players Stats for REGINA FALCONS

Player Name              G  A  P  +/- PIM S  H  SB GA TA FO     MP     PP MP  PK MP  
------------------------------------------------------------------------------------
Aaron Ekblad             0  0  0   0  2   0  0  2  0  0  0/0    23:24   1:45   5:13 
Alexander Edler          0  0  0  -1  0   0  2  2  0  0  0/0    16:19   0:00   5:05 
Andrei Kuzmenko          0  0  0  -2  0   4  0  1  0  0  5/14   21:40   1:48   5:24 
Cole Smith               0  0  0   0  0   1  3  0  0  0  3/10   21:41   2:10   5:31 
Egor Afanasyev           0  0  0   0  0   0  0  0  0  0  1/3     4:41   1:26   0:42 
Erik Gustafsson          0  0  0  -2  0   1  1  2  0  0  0/0    22:10   2:13   6:10 
Ivan Provorov            0  0  0  -2  0   3  0  4  0  0  0/0    19:42   2:13   0:33 
Jacob Peterson           0  0  0  -1  0   1  0  0  0  0  1/7    13:36   0:00   0:00 
Jeff Malott              0  0  0   0  0   0  1  0  0  0  0/0     7:57   0:00   5:24 
Jeffrey Viel             0  0  0  -1  6   0  0  0  0  0  1/2    13:33   0:00   0:00 
John Klingberg           0  0  0   0  0   1  1  2  0  0  0/0    22:49   1:45   4:37 
Max Jones                0  0  0  -2  4   2  3  1  0  0  0/0    19:31   2:32   0:00 
Patric Hornqvist         0  0  0  -1  0   0  0  0  0  0  0/1    13:36   0:00   0:00 
Pierre-Olivier Joseph    0  0  0  -1  2   1  0  1  0  0  0/0    15:34   0:00   1:12 
Rickard Rakell           0  0  0  -2  0   5  0  1  0  0  9/30   16:16   1:48   0:00 
Sammy Walker             0  0  0   0  0   0  0  0  0  0  0/1    14:00   0:00   0:00 
Simon Ryfors             0  0  0   0  0   0  0  0  0  0  6/20   21:59   2:10   5:49 
Ty Smith                 0  0  0   0  0   0  0  0  0  0  0/0     0:00   0:00   0:00 

3 Stars

1 - Leon Draisaitl (COL)
2 - Pheonix Copley (COL)
3 - Tomas Hertl (COL)

Power Play

COLORADO GLACIERCATS - 2 on 7 Attempt(s) - 28,57%
REGINA FALCONS - 0 on 2 Attempt(s) - 0,00%

Penalty Kill

COLORADO GLACIERCATS - 2 on 2 Attempt(s) - 100,00% - Score 0 goal in Penalty Kill
REGINA FALCONS - 5 on 7 Attempt(s) - 71,43% - Score 0 goal in Penalty Kill

Team Stat

COLORADO GLACIERCATS - Hits : 14 - Faceoff Wins : 62 - Blocked Shots : 6 - Penalty Minutes : 4
REGINA FALCONS - Hits : 11 - Faceoff Wins : 26 - Blocked Shots : 16 - Penalty Minutes : 14

Official

Referees : Dan Kelly and Dan O'Rourke
Linesman : Shaun Morgan and Libor Suchanek

Game Notes

Anton Khudobin enters game at 2:31 of 2nd period

Finance

Level 1 -- Attendance: 4255 (70,92%) -- Ticket Income 999 925 $
Level 2 -- Attendance: 3173 (63,46%) -- Ticket Income 571 140 $
Level 3 -- Attendance: 1508 (75,40%) -- Ticket Income 211 120 $
Level 4 -- Attendance: 2791 (69,78%) -- Ticket Income 251 190 $
Luxury Box -- Attendance: 1000 (100,00%) -- Ticket Income 220 000 $
Game was played at the Larouche Arena.
Total Attendance: 12727 (70,71%)
Total Ticket Income: 2 253 375 $
Other Expense: 22 534 $
Total Income: 2 230 841 $

COLORADO GLACIERCATS

5 vs 5 Forward 
   Center                   Left Wing                Right Wing               Time % Phy DF OF 
 1 Anze Kopitar             Jamie Benn               Tage Thompson            35     0   1  4  
 2 Leon Draisaitl           Tomas Hertl              Nino Niederreiter        35     0   1  4  
 3 Alexander Wennberg       Cole Perfetti            Bryan Rust               26     0   3  2  
 4 Adam Ruzicka             Sam Lafferty             Leon Draisaitl           4      0   2  3  

5 vs 5 Defense 
   Defense                  Defense                                           Time % Phy DF OF 
 1 Kristopher Letang        Devon Toews                                       40     0   2  3  
 2 Vladislav Gavrikov       Vince Dunn                                        36     0   2  3  
 3 Mario Ferraro            Dylan Samberg                                     20     0   4  1  
 4 Kristopher Letang        Vince Dunn                                        4      0   1  4  

PowerPlay Forward 
   Center                   Left Wing                Right Wing               Time % Phy DF OF 
 1 Anze Kopitar             Jamie Benn               Leon Draisaitl           50     0   0  5  
 2 Tage Thompson            Tomas Hertl              Bryan Rust               50     1   0  4  

PowerPlay Defense
   Defense                  Defense                                           Time % Phy DF OF 
 1 Kristopher Letang        Devon Toews                                       55     0   0  5  
 2 Vince Dunn               Vladislav Gavrikov                                45     0   0  5  

Penalty Kill 4 Players Forward 
   Center                   Wing                     Time % Phy DF OF 
 1 Alexander Wennberg       Bryan Rust               50     0   5  0  
 2 Anze Kopitar             Tomas Hertl              50     0   5  0  

Penalty Kill 4 Players Defense
   Defense                  Defense                  Time % Phy DF OF 
 1 Vladislav Gavrikov       Kristopher Letang        50     0   5  0  
 2 Devon Toews              Mario Ferraro            50     0   5  0  

Penalty Kill - 3 Players Forward 
   Forward                                           Time % Phy DF OF 
 1 Tomas Hertl                                       50     0   5  0  
 2 Alexander Wennberg                                50     0   5  0  

Penalty Kill - 3 Players Defense
   Defense                  Defense                  Time % Phy DF OF 
 1 Vladislav Gavrikov       Kristopher Letang        50     0   5  0  
 2 Devon Toews              Mario Ferraro            50     0   5  0  

4 vs 4 Forward 
   Center                   Wing                     Time % Phy DF OF 
 1 Anze Kopitar             Tage Thompson            50     0   1  4  
 2 Leon Draisaitl           Tomas Hertl              50     0   1  4  

4 vs 4 Defense
   Defense                  Defense                  Time % Phy DF OF 
 1 Kristopher Letang        Vladislav Gavrikov       45     0   3  2  
 2 Devon Toews              Vince Dunn               55     0   3  2  

Last Minutes Offensive
   Center                   Left Wing                Right Wing               Defense                  Defense                  
   Anze Kopitar             Tage Thompson            Leon Draisaitl           Kristopher Letang        Devon Toews              

Last Minutes Defensive
   Center                   Left Wing                Right Wing               Defense                  Defense                  
   Alexander Wennberg       Tomas Hertl              Leon Draisaitl           Devon Toews              Vladislav Gavrikov       

Goaltenders
Starting : Pheonix Copley           
Backup : Andrei Vasilevskiy       

Extra Forwards
Normal : Leon Draisaitl, Anze Kopitar, Tomas Hertl - PP : Cole Perfetti, Alexander Wennberg - PK : Jamie Benn
Extra Defensemen
Normal : Vince Dunn, Mario Ferraro, Dylan Samberg - PP : Vince Dunn - PK : Vince Dunn, Vladislav Gavrikov
Penalty Shots
Tage Thompson, Leon Draisaitl, Anze Kopitar, Tomas Hertl, Jamie Benn
Custom OT Lines Forwards
Leon Draisaitl, Anze Kopitar, Tomas Hertl, Tage Thompson, Jamie Benn, Bryan Rust, Alexander Wennberg, Cole Perfetti, Nino Niederreiter, Sam Lafferty
Custom OT Lines Defensemen
Devon Toews, Kristopher Letang, Vince Dunn, Vladislav Gavrikov, Mario Ferraro

Scratches
None

REGINA FALCONS

5 vs 5 Forward 
   Center                   Left Wing                Right Wing               Time % Phy DF OF 
 1 Rickard Rakell           Andrei Kuzmenko          Max Jones                36     1   2  2  
 2 Simon Ryfors             Cole Smith               Sammy Walker             31     1   2  2  
 3 Jacob Peterson           Jeffrey Viel             Patric Hornqvist         23     1   2  2  
 4 Egor Afanasyev           Jeff Malott              Max Jones                10     1   2  2  

5 vs 5 Defense 
   Defense                  Defense                                           Time % Phy DF OF 
 1 Aaron Ekblad             John Klingberg                                    36     1   2  2  
 2 Ivan Provorov            Erik Gustafsson                                   31     1   2  2  
 3 Alexander Edler          Pierre-Olivier Joseph                             23     1   2  2  
 4 Pierre-Olivier Joseph    Ivan Provorov                                     10     1   2  2  

PowerPlay Forward 
   Center                   Left Wing                Right Wing               Time % Phy DF OF 
 1 Rickard Rakell           Andrei Kuzmenko          Max Jones                55     1   2  2  
 2 Simon Ryfors             Cole Smith               Max Jones                45     1   2  2  

PowerPlay Defense
   Defense                  Defense                                           Time % Phy DF OF 
 1 Aaron Ekblad             John Klingberg                                    55     1   2  2  
 2 Ivan Provorov            Erik Gustafsson                                   45     1   2  2  

Penalty Kill 4 Players Forward 
   Center                   Wing                     Time % Phy DF OF 
 1 Cole Smith               Simon Ryfors             55     1   2  2  
 2 Andrei Kuzmenko          Jeff Malott              45     1   2  2  

Penalty Kill 4 Players Defense
   Defense                  Defense                  Time % Phy DF OF 
 1 Alexander Edler          John Klingberg           55     1   2  2  
 2 Aaron Ekblad             Erik Gustafsson          45     1   2  2  

Penalty Kill - 3 Players Forward 
   Forward                                           Time % Phy DF OF 
 1 Rickard Rakell                                    55     1   2  2  
 2 Cole Smith                                        45     1   2  2  

Penalty Kill - 3 Players Defense
   Defense                  Defense                  Time % Phy DF OF 
 1 Pierre-Olivier Joseph    John Klingberg           55     1   2  2  
 2 Alexander Edler          Erik Gustafsson          45     1   2  2  

4 vs 4 Forward 
   Center                   Wing                     Time % Phy DF OF 
 1 Rickard Rakell           Cole Smith               55     1   2  2  
 2 Andrei Kuzmenko          Max Jones                45     1   2  2  

4 vs 4 Defense
   Defense                  Defense                  Time % Phy DF OF 
 1 Alexander Edler          John Klingberg           55     1   2  2  
 2 Pierre-Olivier Joseph    Erik Gustafsson          45     1   2  2  

Last Minutes Offensive
   Center                   Left Wing                Right Wing               Defense                  Defense                  
   Rickard Rakell           Andrei Kuzmenko          Max Jones                Aaron Ekblad             John Klingberg           

Last Minutes Defensive
   Center                   Left Wing                Right Wing               Defense                  Defense                  
   Rickard Rakell           Andrei Kuzmenko          Max Jones                Aaron Ekblad             John Klingberg           

Goaltenders
Starting : Strauss Mann             
Backup : Anton Khudobin           

Extra Forwards
Normal : Cole Smith, Max Jones, Jeff Malott - PP : Cole Smith, Max Jones - PK : Jeff Malott
Extra Defensemen
Normal : Alexander Edler, John Klingberg, Pierre-Olivier Joseph - PP : Alexander Edler - PK : John Klingberg, Pierre-Olivier Joseph
Penalty Shots
Max Jones, Rickard Rakell, Andrei Kuzmenko, Cole Smith, Jeff Malott
Custom OT Lines Forwards
Andrei Kuzmenko, Rickard Rakell, Max Jones, Jeffrey Viel, Egor Afanasyev, Cole Smith, Patric Hornqvist, Simon Ryfors, Jeff Malott, Jacob Peterson
Custom OT Lines Defensemen
Pierre-Olivier Joseph, John Klingberg, Aaron Ekblad, Erik Gustafsson, Alexander Edler

Scratches
Eric Robinson (Bruised Left Shoulder Injury), Marco Scandella (Lower Body Injury), Matthew Grzelcyk (Right Foot Injury), Chris Driedger (Sprained Left Ankle Injury)

% Time on Ice - COLORADO GLACIERCATS

Lines # - Real PCT - Wanted PCT - Time Play
Normal Forward
1 - 34% - 35% - 14:57
2 - 32% - 35% - 14:04
3 - 26% - 26% - 11:27
4 - 9% - 4% - 4:09
Normal Defense
1 - 40% - 40% - 17:48
2 - 38% - 36% - 17:07
3 - 22% - 20% - 9:42
4 - 0% - 4% - 0:00
PP Forward
1 - 45% - 50% - 5:11
2 - 55% - 50% - 6:14
PP Defense
1 - 48% - 55% - 5:30
2 - 52% - 45% - 5:55
PK Forward
1 - 55% - 50% - 2:10
2 - 45% - 50% - 1:48
PK Defense
1 - 38% - 50% - 1:30
2 - 62% - 50% - 2:28
PK3 Forward
1 - 0% - 50%
2 - 0% - 50%
PK3 Defense
1 - 0% - 50%
2 - 0% - 50%
44 Forward
1 - 0% - 50%
2 - 0% - 50%
44 Defense
1 - 0% - 45%
2 - 0% - 55%
Last Minute Offensive  - 0:00
Last Minute Defensive  - 0:00
Total
Forward - 60:00
Defense - 60:00

% Time on Ice - REGINA FALCONS

Lines # - Real PCT - Wanted PCT - Time Play
Normal Forward
1 - 32% - 36% - 14:28
2 - 31% - 31% - 14:00
3 - 30% - 23% - 13:36
4 - 6% - 10% - 2:33
Normal Defense
1 - 37% - 36% - 16:27
2 - 31% - 31% - 13:47
3 - 23% - 23% - 10:29
4 - 9% - 10% - 3:54
PP Forward
1 - 45% - 55% - 1:48
2 - 55% - 45% - 2:10
PP Defense
1 - 44% - 55% - 1:45
2 - 56% - 45% - 2:13
PK Forward
1 - 53% - 55% - 6:01
2 - 47% - 45% - 5:24
PK Defense
1 - 46% - 55% - 5:15
2 - 54% - 45% - 6:10
PK3 Forward
1 - 0% - 55%
2 - 0% - 45%
PK3 Defense
1 - 0% - 55%
2 - 0% - 45%
44 Forward
1 - 0% - 55%
2 - 0% - 45%
44 Defense
1 - 0% - 55%
2 - 0% - 45%
Last Minute Offensive  - 0:00
Last Minute Defensive  - 0:00
Total
Forward - 60:00
Defense - 60:00

Play-by-Play

1st period


0:01 of 1st period - Anze Kopitar wins face-off versus Rickard Rakell in neutral zone.
0:09 of 1st period - Off-side.
0:10 of 1st period - Leon Draisaitl wins face-off versus Simon Ryfors in neutral zone.
0:15 of 1st period - Ivan Provorov is hit by Leon Draisaitl and loses puck.
0:38 of 1st period - Ivan Provorov is hit by Vince Dunn and loses puck.
1:31 of 1st period - Shot by Kristopher Letang.
1:31 of 1st period - Stopped by Strauss Mann without a rebound.
1:32 of 1st period - Rickard Rakell wins face-off versus Anze Kopitar in REGINA FALCONS zone.
1:41 of 1st period - Shot by Rickard Rakell.
1:41 of 1st period - Stopped by Pheonix Copley without a rebound.
1:42 of 1st period - Rickard Rakell wins face-off versus Anze Kopitar in COLORADO GLACIERCATS zone.
1:46 of 1st period - Icing by Dylan Samberg.
1:47 of 1st period - Anze Kopitar wins face-off versus Rickard Rakell in COLORADO GLACIERCATS zone.
2:03 of 1st period - Tage Thompson is hit by Max Jones and loses puck.
3:17 of 1st period - Shot by Cole Smith.
3:17 of 1st period - Shot Misses the Net.
4:55 of 1st period - Icing by Mario Ferraro.
4:56 of 1st period - Anze Kopitar wins face-off versus Rickard Rakell in COLORADO GLACIERCATS zone.
5:04 of 1st period - Shot by Rickard Rakell.
5:04 of 1st period - Stopped by Pheonix Copley without a rebound.
5:05 of 1st period - Alexander Wennberg wins face-off versus Egor Afanasyev in COLORADO GLACIERCATS zone.
5:16 of 1st period - John Klingberg is hit by Cole Perfetti and loses puck.
5:46 of 1st period - Minor Penalty to Jeffrey Viel for Goalie Interference.
5:47 of 1st period - Cole Smith wins face-off versus Anze Kopitar in REGINA FALCONS zone.
6:32 of 1st period - Shot by Vince Dunn.
6:32 of 1st period - Shot Blocked by John Klingberg.
6:34 of 1st period - Shot by Vladislav Gavrikov.
6:34 of 1st period - Stopped by Strauss Mann without a rebound.
6:35 of 1st period - Tage Thompson wins face-off versus Andrei Kuzmenko in REGINA FALCONS zone.
6:36 of 1st period - Shot by Bryan Rust.
6:36 of 1st period - Stopped by Strauss Mann without a rebound.
6:37 of 1st period - Tage Thompson wins face-off versus Andrei Kuzmenko in REGINA FALCONS zone.
7:02 of 1st period - Shot by Bryan Rust.
7:02 of 1st period - Stopped by Strauss Mann with a rebound.
7:06 of 1st period - Shot by Kristopher Letang.
7:06 of 1st period - Shot Misses the Net.
7:08 of 1st period - Shot by Tage Thompson.
7:08 of 1st period - Deflect By Tomas Hertl.
7:08 of 1st period - Shot Blocked by Andrei Kuzmenko.
7:20 of 1st period - Shot by Kristopher Letang.
7:20 of 1st period - Shot Misses the Net.
7:57 of 1st period - Shot by Adam Ruzicka.
7:57 of 1st period - Goal by Adam Ruzicka - COLORADO GLACIERCATS : 1 - REGINA FALCONS : 0.
7:58 of 1st period - Leon Draisaitl wins face-off versus Simon Ryfors in neutral zone.
8:57 of 1st period - Shot by Tage Thompson.
8:57 of 1st period - Deflect By Anze Kopitar.
8:57 of 1st period - Shot Blocked by Aaron Ekblad.
8:59 of 1st period - Shot by Anze Kopitar.
8:59 of 1st period - Shot Misses the Net.
9:01 of 1st period - Shot by Anze Kopitar.
9:01 of 1st period - Shot Blocked by John Klingberg.
9:03 of 1st period - Shot by Jamie Benn.
9:03 of 1st period - Shot Misses the Net.
9:05 of 1st period - Shot by Tage Thompson.
9:05 of 1st period - Stopped by Strauss Mann with a rebound.
9:07 of 1st period - Shot by Devon Toews.
9:07 of 1st period - Shot Hit the Post.
9:09 of 1st period - Shot by Tage Thompson.
9:09 of 1st period - Stopped by Strauss Mann with a rebound.
9:36 of 1st period - Shot by Tage Thompson.
9:36 of 1st period - Stopped by Strauss Mann without a rebound.
9:37 of 1st period - Alexander Wennberg wins face-off versus Egor Afanasyev in REGINA FALCONS zone.
9:46 of 1st period - Mario Ferraro is hit by Jeff Malott.
10:40 of 1st period - Shot by Simon Ryfors.
10:40 of 1st period - Shot Blocked by Leon Draisaitl.
10:42 of 1st period - Shot by Pierre-Olivier Joseph.
10:42 of 1st period - Stopped by Pheonix Copley without a rebound.
10:43 of 1st period - Anze Kopitar wins face-off versus Jacob Peterson in COLORADO GLACIERCATS zone.
10:51 of 1st period - Off-side.
10:52 of 1st period - Leon Draisaitl wins face-off versus Rickard Rakell in neutral zone.
11:02 of 1st period - Off-side.
11:03 of 1st period - Jamie Benn wins face-off versus Simon Ryfors in neutral zone.
11:12 of 1st period - Shot by Anze Kopitar.
11:12 of 1st period - Shot Misses the Net.
11:31 of 1st period - Shot by Anze Kopitar.
11:31 of 1st period - Shot Misses the Net.
11:33 of 1st period - Shot by Vince Dunn.
11:33 of 1st period - Shot Misses the Net.
12:07 of 1st period - Shot by Leon Draisaitl.
12:07 of 1st period - Stopped by Strauss Mann without a rebound.
12:08 of 1st period - Leon Draisaitl wins face-off versus Jacob Peterson in REGINA FALCONS zone.
12:26 of 1st period - John Klingberg is hit by Tomas Hertl and loses puck.
12:34 of 1st period - Minor Penalty to Jeffrey Viel for Hooking.
12:35 of 1st period - Tage Thompson wins face-off versus Cole Smith in REGINA FALCONS zone.
13:02 of 1st period - Shot by Devon Toews.
13:02 of 1st period - Shot Blocked by Erik Gustafsson.
13:04 of 1st period - Shot by Bryan Rust.
13:04 of 1st period - Goal by Bryan Rust - COLORADO GLACIERCATS : 2 - REGINA FALCONS : 0.
13:05 of 1st period - Adam Ruzicka wins face-off versus Rickard Rakell in neutral zone.
13:21 of 1st period - Minor Penalty to Max Jones for Holding.
13:22 of 1st period - Cole Smith wins face-off versus Anze Kopitar in REGINA FALCONS zone.
13:39 of 1st period - Shot by Jamie Benn.
13:39 of 1st period - Stopped by Strauss Mann with a rebound.
13:47 of 1st period - Shot by Vince Dunn.
13:47 of 1st period - Stopped by Strauss Mann with a rebound.
13:49 of 1st period - Shot by Jamie Benn.
13:49 of 1st period - Stopped by Strauss Mann without a rebound.
13:50 of 1st period - Andrei Kuzmenko wins face-off versus Tage Thompson in REGINA FALCONS zone.
14:37 of 1st period - Icing by Tomas Hertl.
14:38 of 1st period - Andrei Kuzmenko wins face-off versus Tage Thompson in COLORADO GLACIERCATS zone.
15:28 of 1st period - Shot by Leon Draisaitl.
15:28 of 1st period - Shot Misses the Net.
15:33 of 1st period - Icing by Pierre-Olivier Joseph.
15:34 of 1st period - Alexander Wennberg wins face-off versus Jeffrey Viel in REGINA FALCONS zone.
15:37 of 1st period - Shot by Bryan Rust.
15:37 of 1st period - Shot Blocked by Ivan Provorov.
15:41 of 1st period - Shot by Bryan Rust.
15:41 of 1st period - Shot Blocked by Ivan Provorov.
15:47 of 1st period - Shot by Cole Perfetti.
15:47 of 1st period - Deflect By Bryan Rust.
15:47 of 1st period - Stopped by Strauss Mann with a rebound.
15:49 of 1st period - Shot by Bryan Rust.
15:49 of 1st period - Shot Misses the Net.
16:00 of 1st period - Off-side.
16:01 of 1st period - Rickard Rakell wins face-off versus Leon Draisaitl in neutral zone.
16:56 of 1st period - Leon Draisaitl is hit by Cole Smith and loses puck.
17:42 of 1st period - Shot by Pierre-Olivier Joseph.
17:42 of 1st period - Shot Misses the Net.
17:50 of 1st period - Shot by Jacob Peterson.
17:50 of 1st period - Stopped by Pheonix Copley without a rebound.
17:51 of 1st period - Jeffrey Viel wins face-off versus Alexander Wennberg in COLORADO GLACIERCATS zone.
18:02 of 1st period - Off-side.
18:03 of 1st period - Alexander Wennberg wins face-off versus Andrei Kuzmenko in neutral zone.
18:44 of 1st period - Shot by Alexander Wennberg.
18:44 of 1st period - Stopped by Strauss Mann without a rebound.
18:45 of 1st period - Anze Kopitar wins face-off versus Simon Ryfors in REGINA FALCONS zone.
18:45 of 1st period - Anze Kopitar is hit by Cole Smith.
18:51 of 1st period - Shot by Tage Thompson.
18:51 of 1st period - Deflect By Jamie Benn.
18:51 of 1st period - Shot Blocked by Ivan Provorov.
19:08 of 1st period - Shot by Anze Kopitar.
19:08 of 1st period - Stopped by Strauss Mann without a rebound.
19:09 of 1st period - Leon Draisaitl wins face-off versus Jacob Peterson in REGINA FALCONS zone.
19:23 of 1st period - Alexander Edler is hit by Leon Draisaitl and loses puck.
Goals for this period are 2 for COLORADO GLACIERCATS vs 0 for REGINA FALCONS.
Shots for this period are 16 for COLORADO GLACIERCATS vs 4 for REGINA FALCONS.

2nd period


0:01 of 2nd period - Rickard Rakell wins face-off versus Anze Kopitar in neutral zone.
0:04 of 2nd period - Shot by Andrei Kuzmenko.
0:04 of 2nd period - Stopped by Pheonix Copley with a rebound.
0:12 of 2nd period - Shot by Tage Thompson.
0:12 of 2nd period - Deflect By Anze Kopitar.
0:12 of 2nd period - Stopped by Strauss Mann without a rebound.
0:13 of 2nd period - Simon Ryfors wins face-off versus Leon Draisaitl in REGINA FALCONS zone.
0:13 of 2nd period - Simon Ryfors is hit by Leon Draisaitl.
0:26 of 2nd period - Icing by Vince Dunn.
0:27 of 2nd period - Tomas Hertl wins face-off versus Rickard Rakell in COLORADO GLACIERCATS zone.
0:40 of 2nd period - Shot by Leon Draisaitl.
0:40 of 2nd period - Goal by Leon Draisaitl - COLORADO GLACIERCATS : 3 - REGINA FALCONS : 0.
0:41 of 2nd period - Anze Kopitar wins face-off versus Simon Ryfors in neutral zone.
1:02 of 2nd period - Icing by Jamie Benn.
1:03 of 2nd period - Anze Kopitar wins face-off versus Rickard Rakell in COLORADO GLACIERCATS zone.
1:23 of 2nd period - Shot by Rickard Rakell.
1:23 of 2nd period - Shot Misses the Net.
1:25 of 2nd period - Shot by Max Jones.
1:25 of 2nd period - Shot Blocked by Devon Toews.
1:27 of 2nd period - Shot by Max Jones.
1:27 of 2nd period - Stopped by Pheonix Copley without a rebound.
1:28 of 2nd period - Nino Niederreiter wins face-off versus Cole Smith in COLORADO GLACIERCATS zone.
1:43 of 2nd period - Shot by Cole Smith.
1:43 of 2nd period - Shot Misses the Net.
2:29 of 2nd period - Icing by Erik Gustafsson.
2:30 of 2nd period - Jamie Benn wins face-off versus Rickard Rakell in REGINA FALCONS zone.
2:31 of 2nd period - Shot by Anze Kopitar.
2:31 of 2nd period - Goal by Anze Kopitar - COLORADO GLACIERCATS : 4 - REGINA FALCONS : 0.
2:31 of 2nd period - Anton Khudobin enters game.
2:32 of 2nd period - Anze Kopitar wins face-off versus Rickard Rakell in neutral zone.
2:59 of 2nd period - Shot by Andrei Kuzmenko.
2:59 of 2nd period - Shot Misses the Net.
4:15 of 2nd period - Tomas Hertl is hit by John Klingberg and loses puck.
4:27 of 2nd period - Minor Penalty to Aaron Ekblad for Roughing.
4:28 of 2nd period - Tomas Hertl wins face-off versus Cole Smith in REGINA FALCONS zone.
4:34 of 2nd period - Bryan Rust is hit by Alexander Edler and loses puck.
6:03 of 2nd period - Shot by Tomas Hertl.
6:03 of 2nd period - Deflect By Tage Thompson.
6:03 of 2nd period - Shot Blocked by Erik Gustafsson.
6:09 of 2nd period - Shot by Tomas Hertl.
6:09 of 2nd period - Shot Misses the Net.
6:11 of 2nd period - Shot by Vladislav Gavrikov.
6:11 of 2nd period - Deflect By Tage Thompson.
6:11 of 2nd period - Stopped by Anton Khudobin without a rebound.
6:12 of 2nd period - Anze Kopitar wins face-off versus Cole Smith in REGINA FALCONS zone.
7:49 of 2nd period - Icing by Vince Dunn.
7:50 of 2nd period - Simon Ryfors wins face-off versus Alexander Wennberg in COLORADO GLACIERCATS zone.
9:30 of 2nd period - Shot by Leon Draisaitl.
9:30 of 2nd period - Stopped by Anton Khudobin with a rebound.
10:19 of 2nd period - Icing by Ivan Provorov.
10:20 of 2nd period - Egor Afanasyev wins face-off versus Alexander Wennberg in REGINA FALCONS zone.
10:49 of 2nd period - Erik Gustafsson is hit by Alexander Wennberg and loses puck.
10:54 of 2nd period - Shot by Cole Perfetti.
10:54 of 2nd period - Shot Misses the Net.
11:06 of 2nd period - Shot by Bryan Rust.
11:06 of 2nd period - Stopped by Anton Khudobin without a rebound.
11:07 of 2nd period - Anze Kopitar wins face-off versus Simon Ryfors in REGINA FALCONS zone.
11:38 of 2nd period - Shot by Cole Smith.
11:38 of 2nd period - Shot Misses the Net.
12:16 of 2nd period - Shot by Patric Hornqvist.
12:16 of 2nd period - Shot Misses the Net.
12:26 of 2nd period - Shot by Tomas Hertl.
12:26 of 2nd period - Deflect By Leon Draisaitl.
12:26 of 2nd period - Stopped by Anton Khudobin with a rebound.
12:28 of 2nd period - Shot by Vince Dunn.
12:28 of 2nd period - Shot Blocked by Alexander Edler.
12:30 of 2nd period - Shot by Vladislav Gavrikov.
12:30 of 2nd period - Shot Blocked by Pierre-Olivier Joseph.
12:32 of 2nd period - Shot by Vladislav Gavrikov.
12:32 of 2nd period - Stopped by Anton Khudobin with a rebound.
12:34 of 2nd period - Shot by Nino Niederreiter.
12:34 of 2nd period - Stopped by Anton Khudobin without a rebound.
12:35 of 2nd period - Rickard Rakell wins face-off versus Bryan Rust in REGINA FALCONS zone.
12:56 of 2nd period - Shot by Rickard Rakell.
12:56 of 2nd period - Shot Blocked by Alexander Wennberg.
12:58 of 2nd period - Shot by Rickard Rakell.
12:58 of 2nd period - Stopped by Pheonix Copley with a rebound.
13:00 of 2nd period - Shot by Rickard Rakell.
13:00 of 2nd period - Shot Blocked by Mario Ferraro.
13:02 of 2nd period - Shot by Max Jones.
13:02 of 2nd period - Stopped by Pheonix Copley with a rebound.
14:31 of 2nd period - Shot by Tage Thompson.
14:31 of 2nd period - Stopped by Anton Khudobin without a rebound.
14:32 of 2nd period - Anze Kopitar wins face-off versus Jacob Peterson in REGINA FALCONS zone.
14:32 of 2nd period - Jamie Benn is hit by Alexander Edler.
14:39 of 2nd period - Minor Penalty to Pierre-Olivier Joseph for Hooking.
14:40 of 2nd period - Anze Kopitar wins face-off versus Andrei Kuzmenko in REGINA FALCONS zone.
15:52 of 2nd period - Shot by Tage Thompson.
15:52 of 2nd period - Stopped by Anton Khudobin without a rebound.
15:53 of 2nd period - Tage Thompson wins face-off versus Andrei Kuzmenko in REGINA FALCONS zone.
16:06 of 2nd period - Shot by Kristopher Letang.
16:06 of 2nd period - Stopped by Anton Khudobin without a rebound.
16:07 of 2nd period - Anze Kopitar wins face-off versus Andrei Kuzmenko in REGINA FALCONS zone.
16:22 of 2nd period - Shot by Vince Dunn.
16:22 of 2nd period - Stopped by Anton Khudobin without a rebound.
16:23 of 2nd period - Tage Thompson wins face-off versus Cole Smith in REGINA FALCONS zone.
16:44 of 2nd period - Shot by Cole Perfetti.
16:44 of 2nd period - Shot Misses the Net.
16:46 of 2nd period - Shot by Dylan Samberg.
16:46 of 2nd period - Stopped by Anton Khudobin with a rebound.
16:48 of 2nd period - Shot by Alexander Wennberg.
16:48 of 2nd period - Stopped by Anton Khudobin without a rebound.
16:49 of 2nd period - Anze Kopitar wins face-off versus Rickard Rakell in REGINA FALCONS zone.
16:50 of 2nd period - Shot by Tage Thompson.
16:50 of 2nd period - Shot Misses the Net.
16:52 of 2nd period - Shot by Devon Toews.
16:52 of 2nd period - Stopped by Anton Khudobin without a rebound.
16:53 of 2nd period - Anze Kopitar wins face-off versus Rickard Rakell in REGINA FALCONS zone.
16:53 of 2nd period - Anze Kopitar is hit by Erik Gustafsson.
17:41 of 2nd period - Shot by Tage Thompson.
17:41 of 2nd period - Stopped by Anton Khudobin without a rebound.
17:42 of 2nd period - Leon Draisaitl wins face-off versus Jacob Peterson in REGINA FALCONS zone.
18:23 of 2nd period - Icing by Leon Draisaitl.
18:24 of 2nd period - Simon Ryfors wins face-off versus Leon Draisaitl in COLORADO GLACIERCATS zone.
18:57 of 2nd period - Icing by Anze Kopitar.
18:58 of 2nd period - Rickard Rakell wins face-off versus Anze Kopitar in COLORADO GLACIERCATS zone.
19:03 of 2nd period - Shot by Andrei Kuzmenko.
19:03 of 2nd period - Stopped by Pheonix Copley without a rebound.
19:04 of 2nd period - Anze Kopitar wins face-off versus Rickard Rakell in COLORADO GLACIERCATS zone.
19:06 of 2nd period - Icing by Tage Thompson.
19:07 of 2nd period - Anze Kopitar wins face-off versus Rickard Rakell in COLORADO GLACIERCATS zone.
19:31 of 2nd period - Andrei Kuzmenko is hit by Devon Toews and loses puck.
Goals for this period are 2 for COLORADO GLACIERCATS vs 0 for REGINA FALCONS.
Shots for this period are 17 for COLORADO GLACIERCATS vs 5 for REGINA FALCONS.

3rd period


0:01 of 3rd period - Andrei Kuzmenko wins face-off versus Leon Draisaitl in neutral zone.
0:06 of 3rd period - Shot by Andrei Kuzmenko.
0:06 of 3rd period - Stopped by Pheonix Copley without a rebound.
0:07 of 3rd period - Leon Draisaitl wins face-off versus Rickard Rakell in COLORADO GLACIERCATS zone.
0:11 of 3rd period - Off-side.
0:12 of 3rd period - Rickard Rakell wins face-off versus Leon Draisaitl in neutral zone.
0:17 of 3rd period - Icing by Tomas Hertl.
0:18 of 3rd period - Leon Draisaitl wins face-off versus Rickard Rakell in COLORADO GLACIERCATS zone.
0:20 of 3rd period - Icing by Tomas Hertl.
0:21 of 3rd period - Leon Draisaitl wins face-off versus Rickard Rakell in COLORADO GLACIERCATS zone.
0:31 of 3rd period - Icing by Andrei Kuzmenko.
0:32 of 3rd period - Alexander Wennberg wins face-off versus Rickard Rakell in REGINA FALCONS zone.
0:42 of 3rd period - Icing by Kristopher Letang.
0:43 of 3rd period - Alexander Wennberg wins face-off versus Sammy Walker in COLORADO GLACIERCATS zone.
1:16 of 3rd period - Cole Smith is hit by Bryan Rust and loses puck.
2:34 of 3rd period - Minor Penalty to Tage Thompson for Hooking.
2:35 of 3rd period - Alexander Wennberg wins face-off versus Simon Ryfors in COLORADO GLACIERCATS zone.
2:35 of 3rd period - Devon Toews is hit by Cole Smith and loses puck.
2:40 of 3rd period - Shot by Cole Smith.
2:40 of 3rd period - Deflect By Simon Ryfors.
2:40 of 3rd period - Shot Blocked by Mario Ferraro.
2:42 of 3rd period - Shot by Ivan Provorov.
2:42 of 3rd period - Stopped by Pheonix Copley without a rebound.
2:43 of 3rd period - Simon Ryfors wins face-off versus Anze Kopitar in COLORADO GLACIERCATS zone.
3:44 of 3rd period - Off-side.
3:45 of 3rd period - Rickard Rakell wins face-off versus Bryan Rust in neutral zone.
3:50 of 3rd period - Shot by Rickard Rakell.
3:50 of 3rd period - Stopped by Pheonix Copley without a rebound.
3:51 of 3rd period - Alexander Wennberg wins face-off versus Rickard Rakell in COLORADO GLACIERCATS zone.
4:11 of 3rd period - Shot by Andrei Kuzmenko.
4:11 of 3rd period - Stopped by Pheonix Copley with a rebound.
4:13 of 3rd period - Shot by Ivan Provorov.
4:13 of 3rd period - Stopped by Pheonix Copley without a rebound.
4:14 of 3rd period - Simon Ryfors wins face-off versus Anze Kopitar in COLORADO GLACIERCATS zone.
4:15 of 3rd period - Shot by Aaron Ekblad.
4:15 of 3rd period - Shot Misses the Net.
4:17 of 3rd period - Shot by John Klingberg.
4:17 of 3rd period - Stopped by Pheonix Copley without a rebound.
4:18 of 3rd period - Anze Kopitar wins face-off versus Simon Ryfors in COLORADO GLACIERCATS zone.
5:03 of 3rd period - Shot by Tage Thompson.
5:03 of 3rd period - Stopped by Anton Khudobin with a rebound.
5:38 of 3rd period - Ivan Provorov is hit by Kristopher Letang and loses puck.
5:42 of 3rd period - Minor Penalty to Nino Niederreiter for High sticking.
5:43 of 3rd period - Alexander Wennberg wins face-off versus Rickard Rakell in COLORADO GLACIERCATS zone.
5:58 of 3rd period - Shot by John Klingberg.
5:58 of 3rd period - Shot Misses the Net.
6:02 of 3rd period - Shot by Rickard Rakell.
6:02 of 3rd period - Stopped by Pheonix Copley without a rebound.
6:03 of 3rd period - Anze Kopitar wins face-off versus Simon Ryfors in COLORADO GLACIERCATS zone.
6:09 of 3rd period - Icing by Cole Smith.
6:10 of 3rd period - Anze Kopitar wins face-off versus Simon Ryfors in REGINA FALCONS zone.
6:18 of 3rd period - Icing by Erik Gustafsson.
6:19 of 3rd period - Anze Kopitar wins face-off versus Simon Ryfors in REGINA FALCONS zone.
6:28 of 3rd period - Shot by Tomas Hertl.
6:28 of 3rd period - Stopped by Anton Khudobin with a rebound.
6:34 of 3rd period - Shot by Ivan Provorov.
6:34 of 3rd period - Shot Blocked by Vladislav Gavrikov.
6:36 of 3rd period - Shot by Erik Gustafsson.
6:36 of 3rd period - Stopped by Pheonix Copley without a rebound.
6:37 of 3rd period - Alexander Wennberg wins face-off versus Rickard Rakell in COLORADO GLACIERCATS zone.
7:31 of 3rd period - Shot by Cole Smith.
7:31 of 3rd period - Stopped by Pheonix Copley without a rebound.
7:32 of 3rd period - Simon Ryfors wins face-off versus Anze Kopitar in COLORADO GLACIERCATS zone.
7:32 of 3rd period - Erik Gustafsson is hit by Mario Ferraro and loses puck.
9:52 of 3rd period - Mario Ferraro is hit by Max Jones.
9:56 of 3rd period - Minor Penalty to Max Jones for Cross-checking.
9:57 of 3rd period - Tage Thompson wins face-off versus Andrei Kuzmenko in REGINA FALCONS zone.
10:50 of 3rd period - Shot by Anze Kopitar.
10:50 of 3rd period - Shot Misses the Net.
10:52 of 3rd period - Shot by Anze Kopitar.
10:52 of 3rd period - Shot Blocked by Aaron Ekblad.
10:54 of 3rd period - Shot by Kristopher Letang.
10:54 of 3rd period - Shot Misses the Net.
10:56 of 3rd period - Shot by Jamie Benn.
10:56 of 3rd period - Stopped by Anton Khudobin without a rebound.
10:57 of 3rd period - Anze Kopitar wins face-off versus Andrei Kuzmenko in REGINA FALCONS zone.
11:18 of 3rd period - Shot by Anze Kopitar.
11:18 of 3rd period - Stopped by Anton Khudobin without a rebound.
11:19 of 3rd period - Andrei Kuzmenko wins face-off versus Tage Thompson in REGINA FALCONS zone.
11:31 of 3rd period - Icing by Vladislav Gavrikov.
11:32 of 3rd period - Andrei Kuzmenko wins face-off versus Bryan Rust in COLORADO GLACIERCATS zone.
11:45 of 3rd period - Shot by Tage Thompson.
11:45 of 3rd period - Stopped by Anton Khudobin without a rebound.
11:46 of 3rd period - Anze Kopitar wins face-off versus Cole Smith in REGINA FALCONS zone.
11:53 of 3rd period - Shot by Leon Draisaitl.
11:53 of 3rd period - Stopped by Anton Khudobin without a rebound.
11:54 of 3rd period - Anze Kopitar wins face-off versus Cole Smith in REGINA FALCONS zone.
11:59 of 3rd period - Shot by Nino Niederreiter.
11:59 of 3rd period - Shot Misses the Net.
12:05 of 3rd period - Leon Draisaitl is hit by Max Jones and loses puck.
12:24 of 3rd period - Shot by Leon Draisaitl.
12:24 of 3rd period - Shot Blocked by Rickard Rakell.
12:29 of 3rd period - Rickard Rakell is hit by Tomas Hertl and loses puck.
12:36 of 3rd period - Shot by Rickard Rakell.
12:36 of 3rd period - Shot Hit the Post.
12:38 of 3rd period - Shot by Ivan Provorov.
12:38 of 3rd period - Stopped by Pheonix Copley without a rebound.
12:39 of 3rd period - Jamie Benn wins face-off versus Simon Ryfors in COLORADO GLACIERCATS zone.
13:47 of 3rd period - Shot by Alexander Wennberg.
13:47 of 3rd period - Stopped by Anton Khudobin with a rebound.
14:33 of 3rd period - Icing by Jacob Peterson.
14:34 of 3rd period - Jacob Peterson wins face-off versus Adam Ruzicka in REGINA FALCONS zone.
14:58 of 3rd period - Jacob Peterson is hit by Vince Dunn.
15:08 of 3rd period - Shot by Leon Draisaitl.
15:08 of 3rd period - Shot Misses the Net.
15:10 of 3rd period - Shot by Leon Draisaitl.
15:10 of 3rd period - Stopped by Anton Khudobin with a rebound.
15:12 of 3rd period - Shot by Vladislav Gavrikov.
15:12 of 3rd period - Deflect By Leon Draisaitl.
15:12 of 3rd period - Shot Blocked by Ivan Provorov.
15:40 of 3rd period - Shot by Anze Kopitar.
15:40 of 3rd period - Shot Misses the Net.
16:22 of 3rd period - Shot by Cole Perfetti.
16:22 of 3rd period - Deflect By Bryan Rust.
16:22 of 3rd period - Stopped by Anton Khudobin with a rebound.
16:24 of 3rd period - Shot by Alexander Wennberg.
16:24 of 3rd period - Stopped by Anton Khudobin without a rebound.
16:25 of 3rd period - Leon Draisaitl wins face-off versus Simon Ryfors in REGINA FALCONS zone.
16:26 of 3rd period - Shot by Tomas Hertl.
16:26 of 3rd period - Shot Misses the Net.
16:28 of 3rd period - Shot by Mario Ferraro.
16:28 of 3rd period - Stopped by Anton Khudobin with a rebound.
16:30 of 3rd period - Shot by Mario Ferraro.
16:30 of 3rd period - Shot Blocked by Alexander Edler.
16:40 of 3rd period - Shot by Tomas Hertl.
16:40 of 3rd period - Shot Misses the Net.
16:42 of 3rd period - Shot by Tomas Hertl.
16:42 of 3rd period - Stopped by Anton Khudobin without a rebound.
16:43 of 3rd period - Alexander Wennberg wins face-off versus Simon Ryfors in REGINA FALCONS zone.
16:44 of 3rd period - Shot by Cole Perfetti.
16:44 of 3rd period - Stopped by Anton Khudobin with a rebound.
17:30 of 3rd period - Shot by Bryan Rust.
17:30 of 3rd period - Stopped by Anton Khudobin without a rebound.
17:31 of 3rd period - Leon Draisaitl wins face-off versus Rickard Rakell in REGINA FALCONS zone.
17:58 of 3rd period - Shot by Tomas Hertl.
17:58 of 3rd period - Shot Blocked by Max Jones.
18:09 of 3rd period - Icing by Devon Toews.
18:10 of 3rd period - Leon Draisaitl wins face-off versus Jacob Peterson in COLORADO GLACIERCATS zone.
18:12 of 3rd period - Minor Penalty to Jeffrey Viel for Hooking.
18:13 of 3rd period - Cole Smith wins face-off versus Anze Kopitar in REGINA FALCONS zone.
18:13 of 3rd period - Cole Smith is hit by Jamie Benn.
18:46 of 3rd period - Shot by Jamie Benn.
18:46 of 3rd period - Stopped by Anton Khudobin without a rebound.
18:47 of 3rd period - Tage Thompson wins face-off versus Andrei Kuzmenko in REGINA FALCONS zone.
19:12 of 3rd period - Shot by Tage Thompson.
19:12 of 3rd period - Goal by Tage Thompson - COLORADO GLACIERCATS : 5 - REGINA FALCONS : 0.
19:13 of 3rd period - Alexander Wennberg wins face-off versus Patric Hornqvist in neutral zone.
19:54 of 3rd period - Off-side.
19:55 of 3rd period - Rickard Rakell wins face-off versus Leon Draisaitl in neutral zone.
Goals for this period are 1 for COLORADO GLACIERCATS vs 0 for REGINA FALCONS.
Shots for this period are 16 for COLORADO GLACIERCATS vs 10 for REGINA FALCONS.


YEGOR
SHARANGOVICH
ALEX
IAFALLO
JAKOB
CHYCHRUN

EAST COAST

HOCKEY LEAGUE

  • 65.QUE3CHW1
  • 66.CHA1TRV6
  • 67.PITRHI
  • 68.ATLWOR